 Dungeon Crawl Stone Soup version 0.18-a0-1274-gbbc4967 (webtiles) character file.

217 vismund the Cudgeler (level 5, -6/67 HPs)
             Began as a Minotaur Berserker on Feb 8, 2016.
             Was a Believer of Trog.
             Mangled by Jenkins's ghost (10 damage)
             ... on level 4 of the Dungeon.
             The game lasted 00:05:50 (2568 turns).

vismund the Cudgeler (Minotaur Berserker)           Turns: 2568, Time: 00:05:51

Health: -6/67      AC:  5    Str: 27    XL:     5   Next: 62%
Magic:  4/4        EV: 11    Int:  4    God:    Trog [**....]
Gold:   238        SH:  0    Dex: 10    Spells: 0 memorised, 4 levels left

rFire  . . .     SeeInvis .     a - +0 mace
rCold  . . .     Gourm    .     p - +0 ring mail
rNeg   . . .     Faith    .     (no shield)
rPois  .         Spirit   .     (helmet restricted)
rElec  .         Dismiss  .     (no cloak)
rCorr  .         Reflect  .     (no gloves)
SustAt .         Harm     .     (no boots)
MR     .....                    (no amulet)
Stlth  ..........               (no ring)
                                (no ring)

@: mighty, berserking (expiring), very quick, not resistant to hostile
enchantments, extremely unstealthy
A: retaliatory headbutt, horns 2
a: Berserk, Trog's Hand, Burn Spellbooks, Renounce Religion


You were on level 4 of the Dungeon.
You worshipped Trog.
Trog was pleased with you.
You were not hungry.

You visited 1 branch of the dungeon, and saw 4 of its levels.

You collected 238 gold pieces.

Inventory:

Hand Weapons
 a - a +0 mace (weapon)
Armour
 b - a +0 animal skin
 i - a +1 robe
 p - a +0 ring mail (worn)
Scrolls
 c - a scroll of magic mapping
 e - a scroll of teleportation
 f - a scroll of identify
 j - a scroll of fear
 k - a scroll of remove curse {unknown}
Potions
 g - a potion of haste
 n - a potion of flight
Comestibles
 d - a meat ration


   Skills:
 - Level 3.6 Fighting
 + Level 7.7 Maces & Flails
 - Level 2.4 Armour
 - Level 2.1 Dodging


You had 4 spell levels left.
You didn't know any spells.

Dungeon Overview and Level Annotations

Branches:
Dungeon (4/15)
 Temple: D:4-7

Altars:
Fedhas
Kikubaaqudgha
Sif Muna
Vehumet
Xom
Yredelemnul

Annotations:
D:4 Jenkins's ghost, amateur DrAK


Innate Abilities, Weirdness & Mutations

You reflexively headbutt those who attack you in melee.
You have a pair of horns on your head.


Message History

You see here a giant club.
Drink which item? (? for menu, Esc to quit)
You feel very mighty all of a sudden.
Jenkins's ghost hits you but does no damage.
A red film seems to cover your vision as you go berserk!
You feel yourself moving faster!
You feel mighty!
You feel somewhat more hungry. Jenkins's ghost hits you!
* * * LOW HITPOINT WARNING * * *
You closely miss Jenkins's ghost. Your headbutt misses Jenkins's ghost.
Your ring mail prevents you from hitting Jenkins's ghost.
Your headbutt misses Jenkins's ghost. Jenkins's ghost completely misses you.
You hit Jenkins's ghost. Your headbutt misses Jenkins's ghost.
Jenkins's ghost is lightly damaged.
Jenkins's ghost wails.
Jenkins's ghost closely misses you. You furiously retaliate!
You headbutt Jenkins's ghost! You hit Jenkins's ghost.
Jenkins's ghost is heavily damaged.
Jenkins's ghost hits you!
You die...

####. #.# #. ##.. #..#.
!# #.# #.#.# .# ##.##
#.#.## .#
#...####....##.#
..........#....#
#...####......##
##.#...........####.####
.....#####.>...W@.......
##.### #.#.#.####.[...
#.# #.#.### ### #..
#.#.# ##.# #...# .#
##..# .# ..(# .# ...#


You could see Jenkins's ghost.

Vanquished Creatures
  An ogre (D:4)
  An orc wizard (D:3)
  A worker ant (D:4)
  2 adders
  An ooze (D:3)
  An adder skeleton (D:4)
  3 worms (D:3)
  3 giant geckos
  3 orcs (D:3)
  5 giant cockroaches
  2 goblins
  7 hobgoblins
  A ball python (D:3)
  6 bats
  3 giant newts
  3 kobolds
  5 rats
48 creatures vanquished.

Notes
Turn   | Place    | Note
--------------------------------------------------------------
     0 | D:1      | vismund the Minotaur Berserker began the quest for the Orb.
     0 | D:1      | Reached XP level 1. HP: 19/19 MP: 0/0
   140 | D:1      | Reached skill level 4 in Maces & Flails
   242 | D:1      | Reached XP level 2. HP: 26/26 MP: 1/1
  1144 | D:2      | Found a shimmering altar of Xom.
  1148 | D:2      | Found a shimmering altar of Xom.
  1148 | D:2      | Found a shimmering altar of Xom.
  1153 | D:2      | Found a shimmering altar of Xom.
  1154 | D:2      | Found a shimmering altar of Xom.
  1256 | D:2      | Reached skill level 5 in Maces & Flails
  1278 | D:2      | Reached XP level 3. HP: 23/31 MP: 2/2
  1400 | D:2      | Found a blossoming altar of Fedhas.
  1514 | D:2      | Found a faded altar to an unknown god.
  1544 | D:3      | Found a basalt altar of Yredelemnul.
  1633 | D:3      | Reached ** piety under Trog
  1978 | D:3      | Found a radiant altar of Vehumet.
  1981 | D:3      | Found an ancient bone altar of Kikubaaqudgha.
  1981 | D:3      | Found a deep blue altar of Sif Muna.
  2025 | D:3      | Reached skill level 6 in Maces & Flails
  2025 | D:3      | Reached XP level 4. HP: 20/39 MP: 3/3
  2497 | D:4      | Noticed an ogre
  2504 | D:4      | Killed an ogre
  2504 | D:4      | Reached skill level 7 in Maces & Flails
  2504 | D:4      | Reached XP level 5. HP: 38/45 MP: 4/4
  2553 | D:4      | Noticed Jenkins's ghost (amateur DrAK)
  2564 | D:4      | HP: 3/67 [Jenkins's ghost (9)]
  2568 | D:4      | Mangled by Jenkins's ghost

Vault maps used:
D:1:      dpeg_arrival_solitude, kennysheep_nondescript
D:2:      fedhas_altar_4, xom_redecorated, ecumenical_altar_2
D:3:      grunt_temple_overflow_magic_moments, yredelemnul_altar_generic
D:4:      serial_shops, nicolae_shop_stone, first_bread

Action                   |  1- 3 |  4- 6 || total
-------------------------+-------+-------++-------
Melee: Mace              |   103 |    20 ||   123
Invok: Burn Spellbooks   |     3 |       ||     3
       Berserk           |       |     2 ||     2
  Use: Scroll            |     8 |     1 ||     9
       Potion            |     5 |     4 ||     9
 Stab: Sleeping          |     1 |       ||     1
  Eat: Pizza             |     1 |       ||     1
       Bread ration      |     1 |     1 ||     2
